 Dungeon Crawl Stone Soup version 0.28-a0-861-ge64d6db94f (webtiles) character file.

Game seed: 4056315263559897709

159 siradein the Poker (level 5, -2/41 HPs)
             Began as a Demonspawn Gladiator on Nov 16, 2021.
             Killed by divine providence
             ... invoked by an orc priest
              (14 damage)
             ... on level 4 of the Dungeon.
             The game lasted 00:05:07 (2880 turns).

siradein the Poker (Demonspawn Gladiator)           Turns: 2880, Time: 00:05:07

Health: -2/41      AC:  7    Str: 14    XL:     5   Next: 17%
Magic:  5/5        EV: 12    Int:  9    God:
Gold:   184        SH:  0    Dex: 16    Spells: 4/4 levels left

rFire   . . .      SeeInvis .   a - +0 trident
rCold   . . .      Faith    .   (no shield)
rNeg    . . .      Spirit   .   p - +0 ring mail
rPois   .          Reflect  .   c - +0 helmet
rElec   .          Harm     .   o - scarf {+Inv}
rCorr   .          Rampage  .   e - +0 pair of gloves
Will    .....                   (no boots)
Stlth   +.........              (no amulet)
HPRegen 0.13/turn               (no ring)
MPRegen 0.09/turn               (no ring)

@: no status effects
A: powered by pain 1, spiny 1
a: Evoke Invisibility


You were on level 4 of the Dungeon.
You visited 1 branch of the dungeon, and saw 4 of its levels.

You collected 184 gold pieces.

Inventory:

Hand Weapons
 a - a +0 trident (weapon)
Missiles
 d - 3 throwing nets
 f - 14 stones (quivered)
 i - 4 boomerangs
 n - 8 poisoned darts
Armour
 c - a +0 helmet (worn)
 e - a +0 pair of gloves (worn)
 o - a scarf of invisibility (worn)
 p - a +0 ring mail (worn)
Scrolls
 b - a scroll of fog {unknown}
 j - 2 scrolls of identify {unknown}
 k - 3 scrolls of teleportation {unknown}
 l - a scroll of vulnerability {unknown}
 q - a scroll of enchant armour {unknown}
Potions
 g - a potion of invisibility {unknown}
 h - a potion of curing {unknown}
 m - a potion of resistance {unknown}
 r - a potion of heal wounds {unknown}


   Skills:
 + Level 3.1 Fighting
 + Level 3.5 Polearms
 + Level 2.8 Throwing
 + Level 3.5 Dodging


You had 4 spell levels left.
You didn't know any spells.
Your spell library contained the following spells:

 Spells                   Type           Power      Damage    Failure   Level
 Passwall                 Tmut/Erth      0%         N/A       77%         2
 Conjure Flame            Conj/Fire      0%         6-21      94%         3
 Ignite Poison            Fire/Tmut/Pois 0%         N/A       94%         3
 Swiftness                Air            0%         N/A       94%         3
 Sticky Flame             Conj/Fire      0%         2d3       100%        4
 Fireball                 Conj/Fire      0%         3d3       100%        5
 Starburst                Conj/Fire      0%         6d3       100%        6
 Ignition                 Fire           0%         3d3       100%        8


Dungeon Overview and Level Annotations

Branches:
Dungeon (4/15)
 Temple: D:4-7

Altars:
Gozag


Innate Abilities, Weirdness & Mutations

You sometimes gain a little power by taking damage.
You are partially covered in sharp spines.


Message History

Press: ? - help, Dir - move target, f - adder
Aim: an adder (about 58% to evade your +0 trident)
You reach to attack!
You closely miss the adder.
An orc priest comes into view. It is wielding a +0 club.
The adder is struck by your spines. The adder bites you.
You miss the adder.
The adder is moderately wounded.
The orc priest shouts!
The adder bites you but does no damage.
You barely miss the adder.
The adder is moderately wounded.
The adder misses you. The adder is struck by your spines. The adder misses you.
You hit the adder.
You kill the adder!
You hit the orc but do no damage. The orc misses you.
You hit the orc.
The orc is heavily wounded.
The orc misses you. The orc is struck by your spines.
The orc closely misses you.
You closely miss the orc.
The orc is severely wounded.
The orc barely misses you.
You completely miss the orc.
The orc is severely wounded.
The orc hits you with a +0 morningstar.
You hit the orc.
You kill the orc!
The orc priest invokes the aid of Beogh against you.
Beogh smites you!
* * * LOW HITPOINT WARNING * * *
You completely miss the orc. The orc is struck by your spines.
The orc barely misses you.
You closely miss the orc.
The orc is severely wounded.
The orc is struck by your spines.
You kill the orc!
You completely miss the orc priest.
The orc priest calls down the wrath of Beogh upon you.
Beogh smites you!
You die...

...# .. .. #..## #. #.#
#...#### #. ##.. ...... # ##
#.## ... #...# .#... #..##.#
#...###...#
########.#..########.......##
#...............@o..........##
#..........########.#........#
#.............### #.#).........
#######..####...###.#........#.
##..# ###................ #...#
####.##..)....... #.#.#
#.##.[........ ###.#.#
#.##.......... ##...#.#
#.##.....)....


You could see an orc priest.

Vanquished Creatures
  A hound (D:4)
  An orc wizard (D:4)
  4 adders
  A worm (D:3)
  2 dart slugs
  5 orcs
  7 bats
  6 endoplasms
  3 giant cockroaches
  2 goblins
  2 hobgoblins
  7 jackals
  A quokka (D:3)
  3 ball pythons (D:1)
  2 frilled lizards
  2 kobolds
  7 rats
56 creatures vanquished.

Notes
Turn   | Place    | Note
-------+----------+-------------------------------------------
     0 | D:1      | siradein the Demonspawn Gladiator began the quest for the
                  | Orb.
     0 | D:1      | Reached XP level 1. HP: 16/16 MP: 1/1
   175 | D:1      | Gained mutation: You sometimes gain a little power by
                  | taking damage. [demonic ancestry]
   175 | D:1      | Reached XP level 2. HP: 20/22 MP: 2/2
   758 | D:1      | Reached XP level 3. HP: 28/28 MP: 3/3
  1403 | D:2      | Found a faded altar of an unknown god.
  2083 | D:3      | Found an opulent altar of Gozag.
  2088 | D:3      | Found an opulent altar of Gozag.
  2088 | D:3      | Found an opulent altar of Gozag.
  2204 | D:3      | Gained mutation: You are partially covered in sharp spines.
                  | [demonic ancestry]
  2204 | D:3      | Reached XP level 4. HP: 25/34 MP: 4/4
  2582 | D:3      | Found an opulent altar of Gozag.
  2869 | D:4      | Reached XP level 5. HP: 29/41 MP: 5/5
  2880 | D:4      | Killed from afar by an orc priest

Illustrated notes

Levels and vault maps discovered:
D:1:      matt_arrival_diagonals, layout_rooms, st_stairs_13,
          hangedman_decor_riveting, moated_statue, minmay_misc_feat_alley
D:2:      layout_basic, dreamdust_ecumenical_altar_angels_and_demons
D:3:      layout_basic, nicolae_gozag_conspicuous_consumption
D:4:      layout_rooms, minmay_unequal

Skill      XL: |  1  2  3  4 |
---------------+-------------+-----
Throwing       | 2 |  2.8
Polearms       | 3 |  3.5
Dodging        | 3 |  3.5
Fighting       | 3 |  3.1

Action                   |  1- 3 |  4- 6 || total
-------------------------+-------+-------++-------
Melee: Trident           |   155 |    46 ||   201
 Stab: Sleeping          |     2 |       ||     2
Armor: Leather armour    |    49 |       ||    49
       Ring mail         |       |    18 ||    18
Dodge: Dodged            |   103 |    12 ||   115

Table legend: (Time is in decaauts)
 A = Elapsed time spent in this place.
 B = Non-inter-level travel time spent in this place.
 C = Inter-level travel time spent in this place.
 D = Time resting spent in this place.
 E = Time spent auto-exploring this place.
 F = Levels seen in this place.
 G = Mean time per level.
                   A        B        C        D        E       F      G
               +--------+--------+--------+--------+--------+-----+--------+
         Total |   2908 |   2829 |     79 |      0 |   2330 |   4 |  727.0 |
       Dungeon |   2908 |   2829 |     79 |      0 |   2330 |   4 |  727.0 |
               +--------+--------+--------+--------+--------+-----+--------+

Top non-repeatable levels by time:
     D:2: 999 daAuts
     D:1: 955 daAuts
     D:3: 790 daAuts
     D:4: 162 daAuts
